[Event "44th Chess Olympiad Open 2022"]
[Site "Chennai"]
[Date "2022.08.08"]
[Round "10.29"]
[White "Zhemba, Jemusse"]
[Black "Bilguun, Sumiya"]
[Result "1/2-1/2"]
[ECO "A37"]
[WhiteElo "2162"]
[BlackElo "2463"]
[Annotator "TA"]
[PlyCount "85"]
[EventDate "2022.07.29"]
[EventType "team-tourn"]
[EventCountry "IND"]
[SourceTitle "playchess.com"]
[Source "ChessBase"]
[SourceQuality "1"]
[WhiteTeam "Zimbabwe"]
[BlackTeam "Mongolia"]
[WhiteTeamCountry "ZIM"]
[BlackTeamCountry "MGL"]
[TimeControl "40/5400+30:1800+30"]

1. Nf3 c5 2. g3 g6 3. Bg2 Bg7 4. O-O Nc6 5. c4 e5 6. Nc3 d6 7. d3 Nge7 8. a3 a5 9. Ne1 Be6 10. Nc2 d5 11. cxd5 {[%emt 0:02:24] A37: Symmetrical English vs ...g6: 4 Bg2 Bg7 5 Nf3.} Nxd5 12. Ne3 Nb6 13. Ne4 Qe7 14. Nc4 Nxc4 15. dxc4 {[%emt 0:00:03] [#]} Rd8 $146 {[%emt 0:00:21] Prevents Nd6+.} ({Predecessor:} 15... O-O 16. Bg5 f6 17. Be3 Rfd8 18. Qa4 Nd4 19. Bxd4 cxd4 20. Qb5 f5 21. Nc5 Bf7 {1-0 (39) Cu Hor,W (2306)-Garcia Guerrero,I (2332) Santa Clara 2017}) 16. Qa4 {[%emt 0:00:37] [#] Black must now prevent Bg5.} O-O 17. Bg5 f6 18. Be3 Nd4 19. Nc3 (19. Qxa5 $11 Bxc4 20. Qb6) 19... Qf7 20. Bxd4 cxd4 ({But not} 20... exd4 21. Nd5 $14) (20... Rxd4 21. b3 $14) 21. Nd5 f5 22. Rac1 Ra8 23. Nb6 Ra6 24. Qb5 e4 25. c5 Qc7 26. Kh1 {[%emt 0:01:56] [#]} h5 (26... Qc6 $1 $17 27. a4 Ra7) 27. f3 $1 $11 h4 ({Better is} 27... exf3 $11 28. Bxf3 Rd8) 28. fxe4 hxg3 29. exf5 gxf5 30. Qd3 (30. Nd5 $14 Bxd5 31. Bxd5+ Kh8 32. c6 (32. Qxb7 Qxb7 33. Bxb7 Rh6 $14) (32. Bxb7 $2 Rh6 $19)) 30... Bh6 {[%emt 0:03:30] This bishop pair is nice.} 31. Qxg3+ Qxg3 32. hxg3 Bxc1 33. Rxc1 Rf7 34. Rd1 Rc7 35. b4 {[%emt 0:05:00] The position is equal.} axb4 36. axb4 Bb3 37. Rxd4 Ra1+ 38. Kh2 Rh7+ 39. Rh4 Re7 40. Bf3 Be6 41. Kg2 Kg7 42. Kf2 Rb1 43. Rf4 {[%emt 0:00:00] Weighted Error Value: White=0.12 (very precise) /Black=0.13 (very precise)} 1/2-1/2

[Event "44th Chess Olympiad Open 2022"]
[Site "Chennai"]
[Date "2022.08.08"]
[Round "10.30"]
[White "Taher, Yoseph Theolifus"]
[Black "Wong, Yinn Long"]
[Result "1/2-1/2"]
[ECO "B51"]
[WhiteElo "2463"]
[BlackElo "2381"]
[Annotator "TA"]
[PlyCount "78"]
[EventDate "2022.07.29"]
[EventType "team-tourn"]
[EventCountry "IND"]
[SourceTitle "playchess.com"]
[Source "ChessBase"]
[SourceQuality "1"]
[WhiteTeam "Indonesia"]
[BlackTeam "Malaysia"]
[WhiteTeamCountry "INA"]
[BlackTeamCountry "MAS"]
[TimeControl "40/5400+30:1800+30"]

1. e4 c5 2. Nf3 Nc6 3. Bb5 d6 4. O-O Bd7 5. Re1 Nf6 6. c3 a6 7. Bf1 Bg4 8. d4 Bxf3 {[%emt 0:02:17] B51: Sicilian: Moscow Variation (3 Bb5+) without 3...Bd7.} 9. gxf3 cxd4 $1 {[%emt 0:00:09][%mdl 4] is recently more successful than 9...g5.} 10. cxd4 d5 {[%emt 0:01:38] White is slightly better.} 11. e5 (11. Nc3 $5 ) 11... Nh5 12. e6 (12. f4 $5 g6 13. f5 $11) 12... g6 {[%emt 0:02:35] [#]} 13. exf7+ $146 ({Predecessor:} 13. Nc3 f5 14. Qb3 Nxd4 15. Qxb7 Rb8 16. Qxa6 Nxf3+ 17. Kh1 Qc7 18. Qa4+ Kd8 19. Bf4 Nxf4 20. Nb5 Qb6 21. Nd4 {1-0 (21) Svidler,P (2729)-Albornoz Cabrera,C (2581) Khanty-Mansiysk 2019}) 13... Kxf7 14. Bh3 Ng7 {[%emt 0:19:12] Inhibits Be6+.} 15. Bg5 Qd6 16. Qd2 (16. Nd2 $11) 16... e6 17. Nc3 Be7 18. Bf4 Qd7 19. Be5 Bf6 (19... Nxe5 $15 20. dxe5 Rhf8) 20. Bxf6 $14 Kxf6 21. Qf4+ (21. Na4 $5 Qd6 22. Re2 $14) 21... Nf5 22. Bxf5 exf5 23. Re5 Nxe5 $17 24. Qxe5+ Kf7 25. Nxd5 {[%emt 0:00:06] [#]} Rhe8 $2 ({Black should play} 25... Qd8 $1 $17 {Hoping for ...Rc8.} 26. Ne3 (26. Re1 $2 Re8 $19) 26... Rc8) 26. Qf6+ $11 Kg8 27. Rc1 $1 Re6 (27... Qxd5 {gets mated.} 28. Rc7) 28. Rc7 Qxc7 29. Qxe6+ {[%emt 0:00:04][%mdl 4096] Endgame KQR-KQN} Qf7 30. Qd6 (30. Qe5 $11) 30... Rf8 (30... Qf8 $15 31. Qe5 Qg7) 31. h4 ({White should try} 31. f4 $11) 31... f4 (31... h6 $15) 32. Qe5 {[%emt 0:01:36] [#] And now Ne7+ would win.} Qg7 33. Qe4 (33. Qe6+ $1 $11 {keeps the balance.} Rf7 34. Qb6) 33... g5 ({Better is} 33... Rd8 $17) 34. h5 {[%emt 0:02:00] The position is equal.} g4 35. Qe6+ Qf7 36. Qe5 {[%emt 0:00:48] aiming for Ne7+.} Qg7 37. Qe6+ $1 Qf7 38. Qe5 {[%emt 0:03:01] Ne7+ is the strong threat.} Qg7 39. Qe6+ $1 Qf7 {[%emt 0:00:00] Weighted Error Value: White=0.25 (precise) /Black=0.21 (precise)} 1/2-1/2

[Event "44th Chess Olympiad Open 2022"]
[Site "Chennai"]
[Date "2022.08.08"]
[Round "10.30"]
[White "Lim, Zhuo Ren"]
[Black "Priasmoro, Novendra"]
[Result "0-1"]
[ECO "E62"]
[WhiteElo "2318"]
[BlackElo "2494"]
[Annotator "TA"]
[PlyCount "91"]
[EventDate "2022.07.29"]
[EventType "team-tourn"]
[EventCountry "IND"]
[SourceTitle "playchess.com"]
[Source "ChessBase"]
[SourceQuality "1"]
[WhiteTeam "Malaysia"]
[BlackTeam "Indonesia"]
[WhiteTeamCountry "MAS"]
[BlackTeamCountry "INA"]
[TimeControl "40/5400+30:1800+30"]

1. Nf3 Nf6 2. g3 g6 3. Bg2 Bg7 4. d4 O-O 5. c4 d6 6. O-O Nc6 7. Nc3 e5 8. dxe5 dxe5 9. Bg5 Be6 10. Qa4 h6 (10... Qc8 $5 ) 11. Rad1 {[%emt 0:00:40] E62: King's Indian: Fianchetto: 6...c6 and Panno Variation (6...Nc6) without ...a6.} Qe8 12. Bxf6 Bxf6 13. Nd5 {[%emt 0:01:06] [#] White is slightly better.} Bd8 $146 ({Predecessor:} 13... Bxd5 14. cxd5 Nd4 15. Qc4 b5 16. Qxc7 Nxe2+ 17. Kh1 e4 18. Nd2 Rc8 19. Qxa7 Bd4 {1-0 (27) Pech,J-Vetter,U DESC email 2013}) 14. Qb3 Bc8 15. c5 Kh7 16. e4 Bg4 17. Qxb7 Rb8 18. Qa6 Rxb2 19. Rb1 Rxb1 20. Rxb1 Qe6 21. Ne1 Nd4 $36 {[%emt 0:09:50][%mdl 2048] Black has some pressure.} 22. Qxe6 Bxe6 23. Rb7 c6 24. Rxa7 cxd5 $17 25. exd5 Bf5 26. Nf3 Kg8 (26... Bf6 $17 {...e4 is the strong threat.} 27. Nd2 Ne2+ 28. Kf1 Nc3) 27. g4 (27. Nxe5 $11 Re8 28. f4) 27... Bxg4 $15 28. Nxe5 Bf5 29. h3 (29. d6 $17) 29... Bg5 {[%emt 0:01:51] White must now prevent ...Rb8.} 30. d6 Re8 31. Ra8 (31. Nf3 $142) 31... Kf8 {[%emt 0:06:58] And now ...Rxa8 would win.} 32. a4 $2 (32. Rxe8+ $17 Kxe8 33. c6) 32... Bf6 (32... Rxa8 $142 33. Bxa8 Bf4) 33. Ng4 $19 Bxg4 (33... Rxa8 $17 34. Bxa8 Bg5) 34. hxg4 $15 Rxa8 35. Bxa8 Be5 {[%emt 0:00:34] aiming for ...Ne6.} 36. Bd5 {[%emt 0:03:48] [#]} (36. a5 $1 $15) 36... Ne2+ $1 $19 37. Kf1 {[%emt 0:00:24] [#]} Nc3 38. d7 Bc7 ({Don't go for} 38... Ke7 $2 39. Bxf7 Kxd7 40. Bxg6 $19) 39. Bc6 Ke7 40. f3 Na2 41. Ke2 $2 (41. Bb5 {is a better defense.}) 41... Nc1+ {[%emt 0:30:33] Black is clearly winning.} 42. Ke3 Nb3 43. f4 Nxc5 44. f5 gxf5 45. gxf5 Nxd7 46. Kd4 {[%emt 0:00:34] Weighted Error Value: White=0.50/Black=0.20 (precise)} 0-1

[Event "44th Chess Olympiad Open 2022"]
[Site "Chennai"]
[Date "2022.08.08"]
[Round "10.31"]
[White "Bagheri, Amir"]
[Black "Delgado Ramirez, Neuris"]
[Result "1-0"]
[ECO "E97"]
[WhiteElo "2375"]
[BlackElo "2614"]
[Annotator "TA"]
[PlyCount "75"]
[EventDate "2022.07.29"]
[EventType "team-tourn"]
[EventCountry "IND"]
[SourceTitle "playchess.com"]
[Source "ChessBase"]
[SourceQuality "1"]
[WhiteTeam "Monaco"]
[BlackTeam "Paraguay"]
[WhiteTeamCountry "MNC"]
[BlackTeamCountry "PAR"]
[TimeControl "40/5400+30:1800+30"]

1. d4 Nf6 2. Nf3 g6 3. c4 Bg7 4. Nc3 O-O 5. e4 d6 6. Be2 e5 7. O-O Nc6 8. d5 Ne7 9. b4 a5 10. bxa5 Rxa5 11. a4 c5 {[%emt 0:00:09] 11...Ne8 is becoming the main line. E97: King's Indian: Classical Main Line (6...e5 7 0-0 Nc6): 8 Be3 and 8 d5 Ne7, not 9 Ne1.} (11... Nh5 $11 {should be considered.}) 12. Rb1 $14 Nd7 13. Bd2 {[%emt 0:06:39] [#] White is more active.} h6 $146 {[%emt 0:00:37] White is slightly better.} ({Predecessor:} 13... Ra6 14. Qc2 h6 15. Ne1 f5 16. f4 exf4 17. Bxf4 g5 18. Bd2 f4 19. Nb5 Ne5 {0-1 (57) Chojnowski,M (2002)-Dimic,P (2348) Calimanesti 2019}) 14. Ne1 f5 15. exf5 Nxf5 16. Ne4 Ra6 17. Bd3 Nf6 18. Nxf6+ Qxf6 19. a5 h5 20. Nc2 Nh4 21. Rb3 Bg4 22. Be2 (22. f3 $5 Bc8 23. Be4 $14) 22... Bc8 23. Bd3 Rf7 (23... Bg4 $11 24. f3 Bc8) 24. Be4 Bg4 (24... Nf5 $14) 25. Qc1 $16 {[%emt 0:01:16] [#] Hoping for Bg5.} Qe7 26. f3 Bc8 27. Bg5 $36 {[%emt 0:02:55][%mdl 2048] White has strong initiative.} Bf6 28. Bxh4 Bxh4 29. Bxg6 Rg7 {[%emt 0:00:03] Black cannot hold the game after this.} (29... Rf6 $16 {is a better defense.} 30. Bxh5 (30. Qh6 Bf5 $11) 30... Qh7) 30. Bxh5 $18 Rxa5 31. Bg4 Bg5 ({Not} 31... Bxg4 32. fxg4 Ra4 33. Qh6 (33. Ne3 Bg5 $18)) 32. Qe1 Ra2 33. Qe4 ({Resist} 33. Bxc8 Rxc2 34. g3 (34. Bxb7 {leads to mate.} Be3+) 34... Rxc4 35. Rxb7 Qf8) 33... Qd8 34. Ra3 Rxa3 35. Nxa3 Qa5 $2 (35... Be7 36. Bxc8 Qxc8) 36. Bxc8 {[%emt 0:04:56][%cal Of3f4] [#] Strongly threatening f4!} Qxa3 37. f4 exf4 38. Qe8+ {[%emt 0:00:25] Weighted Error Value: White=0.07 (flawless) /Black=0.49} 1-0

[Event "44th Chess Olympiad Open 2022"]
[Site "Chennai"]
[Date "2022.08.08"]
[Round "10.32"]
[White "Meier, Georg"]
[Black "Al-Zendani, Zendan"]
[Result "1-0"]
[ECO "E06"]
[WhiteElo "2613"]
[BlackElo "2284"]
[Annotator "TA"]
[PlyCount "71"]
[EventDate "2022.07.29"]
[EventType "team-tourn"]
[EventCountry "IND"]
[SourceTitle "playchess.com"]
[Source "ChessBase"]
[SourceQuality "1"]
[WhiteTeam "Uruguay"]
[BlackTeam "Yemen"]
[WhiteTeamCountry "URU"]
[BlackTeamCountry "YEM"]
[TimeControl "40/5400+30:1800+30"]

1. d4 Nf6 2. Nf3 e6 3. g3 d5 4. c4 Be7 5. Bg2 O-O 6. Nc3 dxc4 7. Ne5 a6 {[%emt 0:18:47] E06: Closed Catalan: Early deviations.} 8. O-O Nd5 9. Nxc4 Nc6 {[%emt 0:08:53] White is slightly better.} 10. e4 Nxc3 11. bxc3 b5 12. Ne3 {[%emt 0:01:07] [#]} Na5 $146 ({Predecessor:} 12... e5 13. Bb2 Rb8 14. Re1 Re8 15. d5 Na5 16. a4 b4 17. cxb4 Bxb4 18. Rf1 c6 {1-0 (46) Sanabria Rangel,S (2187)-Barrientos Chavarriaga,S (2468) Medellin 2009}) 13. Qe2 c5 14. Rd1 cxd4 15. cxd4 ({Of course not} 15. Rxd4 Qc7 $15) 15... Bb7 16. Bb2 Bg5 $1 17. f4 Bf6 18. e5 Bxg2 (18... Be7 $14) 19. Kxg2 $16 ({Reject} 19. Nxg2 $6 Be7 $11) 19... Be7 20. d5 {[%emt 0:00:00] Hoping for d6.} Qd7 21. Bc3 $36 {[%emt 0:08:04][%mdl 2048] White is really pushing.} b4 22. Be1 Bc5 23. Rac1 Rfc8 24. d6 Nb7 25. Nf1 {[%emt 0:14:29][%cal Be3f1,Bf1d2,Bd2e4][%mdl 32] 0x0.001e3ce97150dp-1022s more active pieces.} a5 26. Nd2 a4 {[%emt 0:01:12] This costs Black the game.} (26... Ba7 $16) 27. Ne4 $18 b3 {[%emt 0:00:32] [#]} 28. axb3 axb3 {[%emt 0:00:09] [#]} 29. Kh3 $1 Ba3 (29... Ra2 {keeps fighting.} 30. Qf3 b2) 30. Rb1 b2 31. Bc3 f5 32. exf6 e5+ 33. Kg2 {[%emt 0:08:06] Dancing on a razor blade.} Ra4 34. Bxe5 Qc6 {[%emt 0:00:00] [#]} 35. Qg4 $1 Qxe4+ 36. Kh3 {[%emt 0:00:07] Weighted Error Value: White=0.03 (flawless) /Black=0.45} 1-0

[Event "44th Chess Olympiad Open 2022"]
[Site "Chennai"]
[Date "2022.08.08"]
[Round "10.33"]
[White "Barcenilla, Rogelio"]
[Black "Lorenzana, Wilson Estuardo"]
[Result "1-0"]
[ECO "A26"]
[WhiteElo "2463"]
[BlackElo "2182"]
[Annotator "TA"]
[PlyCount "121"]
[EventDate "2022.07.29"]
[EventType "team-tourn"]
[EventCountry "IND"]
[SourceTitle "playchess.com"]
[Source "ChessBase"]
[SourceQuality "1"]
[WhiteTeam "Philippines"]
[BlackTeam "Guatemala"]
[WhiteTeamCountry "PHI"]
[BlackTeamCountry "GUA"]
[TimeControl "40/5400+30:1800+30"]

1. c4 Nf6 2. Nc3 g6 3. g3 Bg7 4. Bg2 O-O 5. e4 e5 6. Nge2 Nc6 7. O-O d6 8. d3 Nd7 9. Nd5 {[%emt 0:08:04] 9.f4 is setting a new trend. A26: English Opening vs King's Indian with ...Nc6 and d3.} a5 10. Be3 Nd4 {[%emt 0:03:34] [#]} 11. f4 $146 {[%emt 0:05:42] The position is equal.} ({Predecessor:} 11. Qd2 c6 12. Ndc3 Nc5 13. Rad1 a4 14. Bh6 Qa5 15. Bxg7 Kxg7 16. Nxd4 exd4 17. Ne2 Qxd2 18. Rxd2 {0-1 (38) Loos,U (2033)-Perske,T (1862) Germany 2011}) 11... c6 12. Ndc3 f5 13. Qd2 Nc5 14. exf5 Bxf5 15. Ne4 Nce6 (15... Nxe2+ $15 16. Qxe2 exf4 17. Rxf4 Qe7) 16. Nxd4 exd4 17. Bf2 Nc5 18. Nxc5 dxc5 19. h3 h5 {[%emt 0:00:12] Inhibits g4.} 20. Rfe1 Qd7 21. h4 Kh7 22. Re2 Bf6 23. Rae1 a4 24. Kh2 Kg7 25. Rb1 Ra7 26. Rc1 Rc8 27. Be4 Bg4 28. Ree1 b5 29. Rc2 Qd6 30. b3 b4 31. Rb2 axb3 32. axb3 Rca8 33. Reb1 Ra6 34. Be1 R8a7 35. Qg2 Re7 (35... Qe6 $17) 36. Bd2 $11 Bf5 37. Re1 Bg4 38. Bc1 Ra1 39. Ra2 Ra7 40. Rxa7+ Rxa7 41. Bxc6 Re7 42. Be4 Ra7 43. Kg1 Qa6 44. f5 gxf5 45. Bd5 {[%emt 0:00:00] [#] Qd2 is the strong threat.} Re7 $1 46. Qf2 {[%emt 0:00:00] Threatens to win with Rxe7+.} Qd6 47. Bf4 Rxe1+ 48. Qxe1 Qe7 49. Qa1 Kg6 50. Qa8 $40 {[%emt 0:00:00][%mdl 128] White mounts an attack.} Qe1+ 51. Kh2 {[%emt 0:00:00] [#] White threatens Qg8+ and mate.} Qe2+ 52. Bg2 Kg7 (52... Bg7 $11) 53. Bd6 {[%emt 0:00:00] White is more active.} (53. Qc6 $5 ) 53... Kh7 $1 (53... Be7 54. Qa7 Kf6 55. Qxc5 $18 (55. Bxc5 Bxc5 56. Qxc5 Bf3 $11)) 54. Qd5 Kg7 $2 {[%emt 0:00:00] Prevents Qf7+.} (54... Bg7 $11) 55. Qa8 $2 (55. Qxc5 Bf3 56. Bf8+ Kg6) (55. Bxc5 $18 Qe5 56. Qxe5 (56. Bxb4 Qxd5 57. Bxd5 Be2 $18) 56... Bxe5 57. Bh3 (57. Bxb4 Bd1 $16)) 55... Kh7 $1 $14 (55... Be7 56. Qa7 Kf6 57. Qxc5 $18 (57. Bxc5 Bxc5 58. Qxc5 Bf3 $14)) 56. Qc6 (56. Qb7+ $14 Kg6 57. Qc6 (57. Bxc5 Bg7 $16)) 56... Kg7 (56... Bg7 $1 $11) 57. Bxc5 $16 {[%emt 0:00:16] Black must now prevent Bd6.} Kf7 $2 (57... Be5 $16 58. Qd7+ (58. Bxb4 {gets mated.} Bxg3+ 59. Kxg3 Qe5+ 60. Kf2 Qe3+ 61. Kf1 Be2+ 62. Ke1 Bf3+ 63. Kf1 Qe2+ 64. Kg1 Qxg2#) 58... Kg6 59. Qe8+ (59. Bxd4 Bxg3+ 60. Kg1 Qe1+ 61. Bf1 Bh2+ 62. Kh1 Qxf1+ $11) 59... Kh6 60. Qe6+ Kh7 61. Qf7+ Kh8 62. Qf8+ (62. Bxb4 {is a self mate.} Bxg3+ 63. Kxg3 Qe5+ 64. Kf2 Qe3+ 65. Kf1 Be2+ 66. Ke1 Bxd3+ 67. Kd1 Qe2+ 68. Kc1 Qc2#) 62... Kh7 63. Qf7+ (63. Bxb4 Bxg3+ 64. Kxg3 Qe5+ 65. Kf2 Qe3+ 66. Kf1 Be2+ 67. Ke1 Bxd3+ 68. Kd1 Qe2+ 69. Kc1 Qc2#) 63... Kh8 64. Qf8+ (64. Bxb4 Bxg3+ 65. Kxg3 Qe5+ 66. Kf2 Qe3+ 67. Kf1 Be2+ 68. Ke1 Bxd3+ 69. Kd1 Qe2+ 70. Kc1 Qc2#) 64... Kh7 65. Qe7+ (65. Bxb4 Bxg3+ 66. Kxg3 Qe5+ 67. Kf2 Qe3+ 68. Kf1 Be2+ 69. Ke1 Bxd3+ 70. Kd1 Qe2+ 71. Kc1 Qc2#) 65... Bg7 66. Bxb4 Qxd3) 58. Qd5+ $18 {[%emt 0:00:43] White is clearly winning.} Ke8 (58... Kg7 $142 59. Bxd4 Bxd4) 59. Qa8+ Kf7 60. Qf8+ Kg6 61. Qg8+ {[%emt 0:00:28] Weighted Error Value: White=0.17 (very precise) /Black=0.35} 1-0

[Event "44th Chess Olympiad Open 2022"]
[Site "Chennai"]
[Date "2022.08.08"]
[Round "10.33"]
[White "Juarez Flores, Carlos A."]
[Black "Paragua, Mark"]
[Result "0-1"]
[ECO "D12"]
[WhiteElo "2335"]
[BlackElo "2461"]
[Annotator "TA"]
[PlyCount "64"]
[EventDate "2022.07.29"]
[EventType "team-tourn"]
[EventCountry "IND"]
[SourceTitle "playchess.com"]
[Source "ChessBase"]
[SourceQuality "1"]
[WhiteTeam "Guatemala"]
[BlackTeam "Philippines"]
[WhiteTeamCountry "GUA"]
[BlackTeamCountry "PHI"]
[TimeControl "40/5400+30:1800+30"]

1. d4 d5 2. c4 c6 3. Nf3 Nf6 4. e3 Bf5 5. Qb3 Qb6 6. Nc3 e6 7. c5 Qc7 8. Nh4 Bg6 {[%emt 0:02:47] D12: Slav Defence: 3 Nf3 Nf6 4 e3 Bf5.} 9. Nxg6 hxg6 10. h3 Nbd7 {[%emt 0:02:52] The position is equal.} 11. Bd2 Be7 12. Be2 g5 {[%emt 0:02:11] [#]} 13. O-O-O $146 ({Predecessor:} 13. Qd1 O-O 14. b4 b5 15. cxb6 axb6 16. O-O c5 17. bxc5 bxc5 18. Nb5 Qc6 19. dxc5 Nxc5 {0-1 (49) Hincu,O (2118)-Terbe,Z (2170) Tarvisio 2017}) 13... b6 14. cxb6 $1 axb6 15. Kb1 b5 $1 {[%emt 0:04:12] White must now prevent ...b4.} 16. Rc1 (16. Qc2 $142) 16... Qa7 $17 17. Bxb5 {[%emt 0:00:23] [#]} Rb8 $1 {[%emt 0:00:11][%mdl 64] And now ...0-0 would win. Pin} (17... cxb5 18. Nxb5 Qb8 19. Nc7+ Kf8 20. Nxa8 Qxa8 21. Qb5 $14) 18. Rc2 {[%emt 0:08:56] Hoping for Qa4.} (18. Qa4 Qb6 19. Qa6 cxb5) 18... Qa8 (18... cxb5 $19 19. Nxb5 Qb6) 19. Nxd5 cxd5 20. f3 {[%emt 0:08:09] Inhibits Ne4.} O-O 21. Qd3 (21. Qa4 $17 {was called for.} Qxa4 22. Bxa4) 21... Nb6 $19 22. Rc7 {[%emt 0:04:02] [#]} Nc4 $1 23. Bxc4 {[%emt 0:01:53] aiming for Bb5.} Bd6 {[%emt 0:11:01][%mdl 64] Trapped Piece} ({Weaker is} 23... dxc4 24. Rxc4 Qb7 25. Qc2 $17) 24. Bxd5 Nxd5 {[%emt 0:00:05] Really sharp!} 25. Rc2 Bb4 {[%emt 0:00:36] Strongly threatening ...Bxd2.} 26. e4 {[%emt 0:01:40] [#]} Nf4 $36 {[%emt 0:05:03][%mdl 2048] Keeping White busy.} 27. Bxf4 gxf4 28. Rhc1 Rfd8 29. Qc4 Be7 30. Rd1 Qa7 31. Qc7 Rb7 ({But not} 31... Rxb2+ 32. Kxb2 Ba3+ 33. Ka1 Rxd4 34. Rb1 $18 (34. Qxa7 $2 {leads to mate.} Rxd1+)) 32. Qxf4 (32. Qc4 $19) 32... Ra8 {[%emt 0:00:11] Weighted Error Value: White=0.46/Black=0.08 (flawless)} 0-1

[Event "44th Chess Olympiad Open 2022"]
[Site "Chennai"]
[Date "2022.08.08"]
[Round "10.35"]
[White "Petkov, Momchil"]
[Black "Croad, Nicolas"]
[Result "1-0"]
[ECO "C54"]
[WhiteElo "2510"]
[BlackElo "2289"]
[Annotator "TA"]
[PlyCount "81"]
[EventDate "2022.07.29"]
[EventType "team-tourn"]
[EventCountry "IND"]
[SourceTitle "playchess.com"]
[Source "ChessBase"]
[SourceQuality "1"]
[WhiteTeam "Bulgaria"]
[BlackTeam "New Zealand"]
[WhiteTeamCountry "BUL"]
[BlackTeamCountry "NZL"]
[TimeControl "40/5400+30:1800+30"]

1. e4 e5 2. Nf3 Nc6 3. Bc4 Bc5 4. O-O Nf6 5. d3 d6 6. c3 a5 {[%emt 0:06:03] C54: Giuoco Piano: 4 c3 Nf6, main lines with 5 d4 and 5 d3.} 7. Bg5 h6 8. Bh4 Ba7 {[%emt 0:06:09] The position is equal.} 9. Nbd2 O-O 10. a4 Qe7 11. Re1 Be6 {[%emt 0:03:47] [#]} 12. Ra3 $146 (12. Bb5 $14) ({Predecessor:} 12. Bb5 g5 13. Nxg5 hxg5 14. Bxg5 Kg7 15. d4 Rg8 16. Qf3 Bd7 17. Nf1 Kg6 18. h4 {1-0 (61) Robson,R (2670)-Rosen,E (2382) Saint Louis 2016}) 12... Nb8 (12... g5 $11 13. Bg3 Bc5) 13. d4 $14 Nbd7 14. Bd3 c6 15. Nc4 Bxc4 (15... g5 $5 16. Bg3 {[#]} Nxe4 $1 $11) 16. Bxc4 Rfe8 17. Ba2 Nf8 18. Bg3 Ng6 19. Nh4 Nxh4 20. Bxh4 g5 21. Bg3 Kg7 22. Re3 h5 {[%emt 0:25:52] [#] Strongly threatening ...h4.} 23. h4 g4 (23... Ng4 $1 $11 24. Rf3 Nh6) 24. Bb1 Rg8 25. Qd2 Nd7 26. f4 (26. Bc2 $14) 26... f6 (26... c5 $11) 27. Kh1 Rgd8 ({Black should play} 27... c5 $14) 28. Re1 $16 c5 29. Rb3 (29. fxe5 $16 dxe5 30. d5) 29... cxd4 $11 30. Rxb7 Rdb8 31. Rxb8 Rxb8 32. Ba2 Nc5 33. cxd4 Nb3 34. Qd3 Nxd4 35. Qc4 Kh6 36. fxe5 fxe5 (36... dxe5 $11 {and Black is okay.} 37. Rf1 Rb4) 37. Rf1 $18 {[%emt 0:01:28] Threatens to win with Rf7.} Rf8 38. Rxf8 Qxf8 39. Qc1+ Kh7 {[%emt 0:01:58] Hoping for ...Ne2.} 40. Qc7+ Qg7 $2 (40... Kh6 41. Bc4 (41. Qxa7 Qf1+ 42. Kh2 Nf3+ 43. gxf3 Qh3+ 44. Kg1 Qxg3+ 45. Kf1 Qh3+ 46. Kg1 Qg3+ 47. Kf1 Qh3+ 48. Ke2 Qxf3+ 49. Kd2 Qg2+ 50. Kd3 Qf1+ 51. Kd2 Qg2+ 52. Kd3 Qf1+ 53. Kd2 Qg2+ $11) 41... Bc5 42. Qxa5 Nc2 43. Qd2+ Ne3) 41. Qxd6 {[%emt 0:30:12] Weighted Error Value: White=0.14 (very precise) /Black=0.25 (precise)} 1-0